Map: [ESL] Data-C

Players

Astrea - Winner!

  • Race: Protoss Protoss
  • Spawn Location: 3:00

DRG

  • Race: Zerg Zerg
  • Spawn Location: 9:00

Event: DreamHack SC2 Masters 2022 Atlanta (Offline)

VOD

Have the link to the VOD?

Description

Time

  • Played on: Nov. 18, 2022, 7:45 p.m.
  • Length: 18:29

All games in this series

Show
View Real Time Build Order
Export as new Build Order

Astrea Protoss - Winner!

Build Orders: 1 Gate Expand, Oracle Opening, Zealot Archon, Archon Drop 

Get SALT Encoding   

  12  0:00  Probe  
  13  0:12  Probe  
  14  0:18  Pylon  
  14  0:24  Probe  
  15  0:36  Probe (Chrono Boost)  
  16  0:44  Gateway  
  16  0:46  Probe (Chrono Boost)  
  16  0:49  Assimilator  
  17  0:51  Probe  
  18  1:03  Probe  
  19  1:16  Probe  
  20  1:27  Nexus  
  20  1:31  Probe  
  21  1:39  Cybernetics Core  
  21  1:45  Assimilator  
  21  1:48  Probe  
  21  1:54  Pylon  
  22  2:00  Probe  
  23  2:10  Probe  
  23  2:13  Adept (Chrono Boost)  
  24  2:18  Probe  
  27  2:23  Stargate  
  27  2:27  Probe  
  27  2:32  Warp Gate  
  30  2:38  Probe (Chrono Boost)  
  30  2:42  Stalker  
  32  2:45  Probe (Chrono Boost)  
  32  2:48  Probe (Chrono Boost)  
  33  2:52  Probe (Chrono Boost)  
  33  2:53  Probe (Chrono Boost)  
  35  3:04  Probe  
  35  3:05  Probe  
  41  3:12  Void Ray (Chrono Boost)  
  41  3:16  Probe  
  41  3:17  Probe  
  43  3:28  Probe, Pylon  
  43  3:29  Probe  
  45  3:36  Nexus  
  45  3:40  Probe (Chrono Boost)  
  46  3:46  Oracle, Probe (Chrono Boost)  
  46  3:47  Pylon  
  50  3:54  Assimilator  
  51  3:58  Probe (Chrono Boost), Assimilator  
  51  3:59  Probe (Chrono Boost)  
  52  4:04  Probe (Chrono Boost)  
  52  4:05  Probe (Chrono Boost)  
  54  4:13  Forge  
  54  4:14  Twilight Council, Probe  
  54  4:16  Probe  
  56  4:20  Robotics Facility  
  56  4:26  Probe (Chrono Boost)  
  56  4:29  Gateway  
  58  4:32  Pylon  
  58  4:33  Probe (Chrono Boost)  
  59  4:38  Probe (Chrono Boost)  
  59  4:41  Charge  
  59  4:43  Probe x2 (Chrono Boost)  
  61  4:47  Protoss Ground Weapons Level 1 (Chrono Boost)  
  61  4:49  Probe  
  62  4:53  Probe  
  62  4:55  Gateway x2  
  64  5:06  Templar Archives, Warp Prism (Chrono Boost)  
  65  5:10  Probe  
  65  5:11  Probe  
  65  5:12  Probe  
  68  5:23  Probe x2  
  68  5:24  Probe  
  68  5:25  Gateway  
  68  5:26  Gateway  
  71  5:35  Probe  
  72  5:36  Shield Battery, Probe  
  72  5:38  Shield Battery  
  72  5:39  Probe  
  74  5:46  Pylon x2  
  74  5:47  Probe  
  75  5:54  Probe  
  75  5:55  High Templar x4, Pylon  
  84  5:57  Probe, Assimilator  
  84  5:58  Assimilator  
  84  5:59  Archon  
  86  6:04  Observer, Archon  
  86  6:07  Probe  
  86  6:10  Pylon  
  87  6:17  Probe x2  
  89  6:26  Zealot x2, Immortal (Chrono Boost)  
  89  6:27  Zealot x4  
  89  6:29  Pylon  
  105  6:32  Robotics Bay  
  95  6:52  Protoss Ground Weapons Level 2 (Chrono Boost)  
  95  6:53  Zealot x2  
  95  6:55  Immortal (Chrono Boost)  
  95  7:00  Probe x2  
  101  7:08  Stalker  
  101  7:09  Zealot x2, Sentry  
  101  7:12  Pylon  
  101  7:13  Probe x2  
  111  7:15  Gateway  
  111  7:16  Gateway  
  111  7:18  Photon Cannon  
  111  7:21  Nexus  
  111  7:27  Disruptor (Chrono Boost)  
  114  7:30  Blink  
  114  7:36  Probe x3  
  117  7:44  High Templar x2  
  119  7:45  Shield Battery  
  119  7:46  Shield Battery  
  119  7:48  Probe x3  
  119  7:49  Archon, Photon Cannon x2  
  119  7:51  Disruptor (Chrono Boost)  
  124  7:57  Photon Cannon  
  127  7:59  Pylon  
  127  8:00  Probe x3  
  127  8:04  Photon Cannon  
  130  8:06  Pylon  
  130  8:12  Probe  
  131  8:16  Probe  
  131  8:19  Pylon x2  
  132  8:21  High Templar x4, Pylon  
  132  8:23  Observer  
  132  8:24  Photon Cannon  
  132  8:25  Archon x2  
  132  8:26  Photon Cannon  
  140  8:28  Probe x2, Pylon  
  144  8:44  Disruptor (Chrono Boost), Stalker x4  
  149  8:52  Nexus  
  148  8:59  Stalker x2  
  148  9:00  Probe  
  148  9:01  Probe  
  152  9:04  Assimilator  
  142  9:19  Probe  
  142  9:20  Disruptor  
  142  9:23  Stalker x6  
  152  9:30  Probe  
  147  9:35  Assimilator  
  147  9:37  Gateway x2  
  147  9:38  Gateway x2  
  147  9:40  Protoss Ground Weapons Level 3 (Chrono Boost)  
  147  9:41  Pylon  
  143  10:01  Stalker x6  
  143  10:04  Probe  
  143  10:11  Warp Prism (Chrono Boost)  
  143  10:20  Stalker  
  147  10:24  Gateway  
  147  10:25  Pylon  
  147  10:28  High Templar  
  147  10:29  Zealot x4, High Templar  
  147  10:33  Archon  
  159  10:36  Zealot x4  
  159  10:41  Pylon  
  142  10:52  Stalker x5  
  142  10:53  Probe  
  126  11:06  Disruptor  
  126  11:08  Stalker x6  
  138  11:19  Stalker x6  
  129  11:32  Stalker x2  
  111  11:33  Stalker x4  
  111  11:39  Disruptor (Chrono Boost)  
  110  11:43  Zealot x2  
  110  11:44  Zealot x4  
  110  11:45  Probe x2  
  110  11:46  Probe  
  93  11:56  Stalker x5  
  93  11:57  Probe, Stalker  
  93  11:58  Probe  
  97  12:10  Stalker x6  
  100  12:33  Stalker x6  
  100  12:34  Zealot  
  93  12:43  Stalker x3  
  83  12:58  Disruptor (Chrono Boost)  
  84  13:24  Nexus  
  84  13:26  Disruptor (Chrono Boost), Probe x2  
  75  13:29  Pylon  
  75  13:30  Zealot x5  
  86  13:34  Probe  
  86  13:38  Probe  
  88  13:48  Probe x2  
  90  13:50  Probe  
  90  13:52  Zealot x2  
  95  14:00  Probe  
  85  14:12  Disruptor  
  85  14:14  Stalker x3  
  77  14:40  High Templar x4  
  77  14:41  High Templar x2  
  87  14:45  Nexus  
  87  14:50  Disruptor (Chrono Boost)  
  87  14:52  Archon x3  
  88  15:02  Stalker x4  
  95  15:28  Nexus  
  95  15:35  Probe x3  
  98  15:38  High Templar x2  
  98  15:42  Archon  
  102  15:43  Zealot x3  
  102  15:44  Disruptor (Chrono Boost)  
  102  15:48  Probe  
  102  15:49  Probe  
  113  15:55  Probe  
  112  16:06  Probe x2 (Chrono Boost)  
  112  16:12  Disruptor (Chrono Boost)  
  112  16:14  Probe (Chrono Boost), Pylon  
  112  16:18  Probe x2 (Chrono Boost)  
  118  16:23  Probe (Chrono Boost)  
  118  16:25  Probe x2 (Chrono Boost)  
  120  16:28  Probe (Chrono Boost)  
  117  16:39  Disruptor (Chrono Boost)  
  110  16:40  Stalker x4  
  110  16:44  Probe  
  122  17:04  Stalker x5  
  128  17:15  Disruptor  
  110  17:21  Stalker x3  
  105  17:42  Stalker x6  
  105  17:43  Observer  
  110  17:51  Disruptor  
  110  17:56  Observer  
  109  18:02  Stalker x4  
  114  18:18  Stalker x3  
Show
View Real Time Build Order
Export as new Build Order

DRG Zerg 

Build Orders: Hatch First, Swarm Host 

Get SALT Encoding   

  12  0:00  Drone  
  13  0:12  Overlord  
  13  0:17  Drone  
  14  0:30  Drone x2  
  14  0:34  Drone  
  17  0:51  Hatchery  
  17  0:54  Drone  
  17  0:57  Drone  
  18  1:09  Extractor  
  17  1:13  Spawning Pool  
  17  1:16  Drone  
  17  1:20  Drone  
  18  1:28  Drone  
  19  1:38  Drone  
  20  1:49  Drone  
  21  2:00  Overlord  
  21  2:02  Queen  
  21  2:03  Queen  
  21  2:04  Zergling x2  
  26  2:11  Zergling x2  
  26  2:14  Metabolic Boost  
  28  2:15  Zergling x2  
  28  2:21  Drone  
  29  2:24  Drone  
  30  2:32  Drone  
  32  2:37  Drone  
  32  2:41  Hatchery  
  31  2:47  Queen  
  33  2:51  Overlord  
  33  2:54  Drone  
  33  2:58  Drone  
  35  3:01  Overlord  
  35  3:05  Spore Crawler  
  35  3:08  Spore Crawler  
  35  3:10  Queen  
  35  3:12  Drone  
  38  3:14  Drone  
  38  3:17  Drone  
  40  3:20  Drone x2  
  40  3:24  Drone  
  43  3:28  Queen  
  43  3:31  Drone  
  43  3:33  Drone  
  47  3:39  Overlord  
  47  3:43  Drone x2  
  47  3:44  Drone  
  47  3:45  Drone  
  51  3:53  Spore Crawler  
  50  3:58  Drone, Overlord  
  50  4:00  Drone x4  
  50  4:02  Drone  
  56  4:07  Zergling x4  
  56  4:09  Overlord  
  58  4:15  Overlord  
  58  4:24  Overlord  
  58  4:26  Spore Crawler  
  58  4:27  Drone x3  
  58  4:31  Drone x3  
  63  4:36  Drone x6  
  69  4:40  Drone x2  
  69  4:41  Drone  
  69  4:49  Drone  
  69  4:50  Drone  
  69  4:51  Lair  
  69  4:52  Spore Crawler  
  69  4:55  Drone  
  69  4:56  Roach Warren  
  69  4:58  Drone x2  
  71  5:02  Drone  
  71  5:05  Drone x5  
  77  5:07  Extractor x2  
  77  5:09  Extractor x2  
  77  5:11  Drone x3, Extractor  
  75  5:15  Drone x2  
  75  5:18  Drone  
  78  5:23  Queen  
  78  5:26  Drone x2  
  78  5:28  Overlord  
  82  5:31  Overlord  
  82  5:36  Overlord  
  82  5:39  Overlord x2  
  82  5:42  Evolution Chamber  
  81  5:47  Drone x4  
  85  5:51  Glial Reconstitution, Roach x5  
  85  5:55  Infestation Pit  
  94  6:03  Roach x6  
  106  6:08  Zerg Missile Weapons Level 1  
  106  6:09  Overlord  
  106  6:11  Overlord  
  105  6:16  Overlord  
  105  6:36  Roach x6  
  105  6:37  Roach  
  105  6:39  Hatchery  
  117  6:46  Drone  
  98  6:55  Drone x5  
  98  6:57  Drone x3  
  106  7:02  Swarm Host x4  
  106  7:08  Swarm Host x4  
  118  7:15  Swarm Host x2  
  136  7:23  Swarm Host x3  
  136  7:24  Swarm Host  
  136  7:27  Overlord  
  136  7:29  Overseer  
  146  7:32  Overlord  
  146  7:34  Overlord  
  146  7:37  Overlord  
  146  7:42  Overlord x3  
  146  7:48  Roach x3  
  146  7:50  Roach  
  146  7:51  Roach  
  156  7:56  Roach x3  
  162  8:01  Roach x3  
  162  8:04  Zerg Missile Weapons Level 2  
  168  8:08  Roach x2  
  172  8:15  Roach x4  
  172  8:17  Ravager x3  
  183  8:37  Roach x8  
  193  8:44  Roach x6  
  186  8:51  Roach x4  
  194  8:57  Ravager x2  
  194  9:01  Roach x2  
  192  9:11  Roach x8  
  188  9:21  Zergling x2  
  188  9:22  Zergling x10  
  194  9:28  Roach x3  
  180  9:36  Ravager x2  
  180  9:37  Zergling x12  
  188  9:40  Roach x2  
  192  9:46  Roach x4  
  192  9:51  Zergling x4  
  187  10:02  Zergling x12  
  174  10:08  Roach x6  
  177  10:15  Ravager  
  177  10:16  Ravager x2  
  177  10:17  Drone x3  
  177  10:18  Drone  
  177  10:20  Ravager  
  177  10:21  Zergling x12  
  191  10:28  Ravager x2  
  193  10:30  Zergling x14  
  193  10:47  Swarm Host x3  
  193  10:48  Swarm Host  
  195  10:52  Zergling x12  
  188  10:58  Swarm Host  
  173  11:09  Zergling x8  
  164  11:21  Zergling x2  
  164  11:22  Zergling x8  
  156  11:29  Roach x7  
  155  11:33  Roach x5  
  155  11:38  Roach x8  
  169  11:40  Roach  
  169  11:41  Roach x3  
  169  11:46  Roach x3  
  169  11:53  Roach  
  169  11:54  Roach  
  159  12:02  Roach x3  
  159  12:05  Roach x6  
  172  12:11  Zergling x8, Ravager  
  175  12:19  Zergling x6  
  175  12:20  Zergling x12  
  166  12:31  Roach x4  
  166  12:36  Zergling x8  
  172  12:39  Extractor  
  172  12:40  Extractor  
  172  12:41  Roach x2  
  172  12:42  Roach  
  157  12:46  Zerg Ground Armor Level 1  
  157  12:47  Roach  
  151  12:54  Roach x3  
  151  13:00  Zergling x2  
  151  13:03  Roach x6  
  151  13:13  Roach x3  
  151  13:19  Roach x2  
  159  13:25  Roach  
  159  13:26  Roach x2  
  162  13:30  Hive  
  162  13:34  Hydralisk Den, Roach x4  
  162  13:40  Spine Crawler  
  165  13:42  Spine Crawler  
  165  13:43  Ravager x3  
  165  13:46  Zergling x4  
  157  13:50  Roach x4  
  156  14:03  Roach  
  156  14:04  Roach x6  
  165  14:15  Drone x3  
  165  14:16  Drone  
  159  14:20  Roach x3  
  145  14:27  Zergling x8  
  141  14:37  Ravager x7  
  148  14:42  Grooved Spines  
  148  14:43  Lurker Den  
  144  14:47  Zergling x8  
  144  14:52  Viper  
  143  14:54  Viper  
  143  14:59  Zergling x6  
  143  15:10  Hydralisk  
  143  15:11  Hydralisk  
  143  15:14  Roach  
  143  15:21  Roach x3  
  148  15:31  Roach x4  
  156  15:38  Zerg Missile Weapons Level 3  
  156  15:46  Overseer  
  156  15:48  Seismic Spines  
  156  15:51  Lurker x2  
  156  15:54  Muscular Augments  
  157  15:57  Hydralisk x2  
  160  16:06  Adrenal Glands  
  160  16:11  Hydralisk x3  
  166  16:22  Hydralisk x3  
  156  16:39  Hydralisk x3  
  117  16:44  Lurker x3  
  126  16:49  Adaptive Talons  
  126  16:57  Hydralisk x3  
  124  17:01  Roach x2  
  119  17:10  Roach x3  
  110  17:15  Roach x2  
  110  17:22  Lurker x2  
  105  17:23  Lurker  
  105  17:24  Zergling x2  
  107  17:30  Roach x2  
  109  17:37  Roach x3  
  109  17:42  Viper x2  
  108  17:50  Viper  
  102  18:04  Roach x2  
Tags
 
Add a new tag
Caveats
  • Supply blocks, unpowered buildings, or Contaminate may cause inaccurate times.
  • Supply counts are checked every 10 seconds.